Map: Pylon LE

Players

NastySloot - Winner!

  • Race: Protoss Protoss
  • League: Diamond
  • Spawn Location: 11:00

LigerMaNN

  • Race: Zerg Zerg
  • League: Diamond
  • Spawn Location: 5:00

VOD

Have the link to the VOD?

Description

Time

  • Played on: July 1, 2025, 11:58 p.m.
  • Length: 8:17
Show
View Real Time Build Order
Export as new Build Order

NastySloot Protoss - Winner!

Build Orders: 1 Gate Expand, Phoenix Opening, Chargelot Immortal 

Get SALT Encoding   

  1  0:00  Probe  
  12  0:04  Probe  
  14  0:17  Pylon  
  14  0:23  Probe  
  15  0:35  Probe  
  15  0:37  Gateway  
  16  0:43  Assimilator  
  16  0:48  Probe  
  17  0:59  Probe  
  18  1:07  Probe  
  19  1:15  Probe  
  20  1:25  Nexus  
  20  1:34  Cybernetics Core  
  20  1:36  Probe  
  21  1:43  Assimilator  
  21  1:48  Probe  
  21  1:51  Pylon  
  22  1:59  Probe  
  23  2:07  Probe  
  23  2:10  Warp Gate, Adept  
  26  2:15  Probe  
  27  2:32  Probe, Robotics Facility  
  27  2:33  Probe  
  28  2:41  Gateway, Probe  
  28  2:43  Sentry  
  28  2:44  Probe  
  32  2:48  Phoenix  
  33  2:51  Probe  
  33  2:55  Pylon  
  33  2:57  Probe  
  35  3:03  Probe  
  36  3:05  Stalker  
  36  3:09  Probe  
  39  3:16  Probe  
  39  3:19  Observer  
  41  3:21  Probe  
  41  3:25  Pylon, Stalker  
  42  3:28  Probe  
  42  3:33  Probe  
  46  3:40  Probe  
  46  3:41  Immortal  
  51  3:45  Probe  
  52  3:52  Probe  
  53  3:58  Probe  
  54  4:04  Probe  
  55  4:10  Probe  
  55  4:16  Probe  
  57  4:21  Zealot  
  57  4:22  Probe, Zealot  
  57  4:23  Immortal  
  62  4:26  Nexus  
  62  4:29  Pylon  
  62  4:37  Probe  
  59  4:40  Probe  
  59  4:42  Twilight Council  
  59  4:44  Gateway  
  58  4:45  Gateway  
  58  4:47  Adept x2  
  58  4:49  Probe  
  58  4:52  Probe  
  64  5:01  Cybernetics Core, Probe  
  64  5:03  Immortal  
  69  5:12  Probe  
  70  5:15  Assimilator  
  70  5:17  Assimilator  
  70  5:19  Pylon  
  68  5:21  Probe  
  68  5:24  Probe  
  68  5:25  Pylon  
  70  5:37  Probe x2  
  70  5:39  Immortal  
  72  5:46  Gateway  
  72  5:48  Gateway  
  72  5:49  Probe  
  77  5:52  Gateway  
  77  5:56  Gateway, Shield Battery  
  73  5:57  Pylon  
  73  5:59  Charge  
  73  6:00  Pylon, Sentry x2  
  77  6:05  Phoenix  
  77  6:10  Immortal  
  77  6:14  Gateway x2  
  77  6:17  Gateway  
  78  6:19  Gateway  
  81  6:28  Pylon  
  81  6:30  Pylon  
  81  6:34  Sentry x3  
  81  6:36  Zealot  
  89  6:47  Pylon  
  89  6:48  Zealot x3  
  89  6:49  Warp Prism  
  97  6:56  Zealot  
  97  6:59  Stalker x2  
  103  7:07  Pylon  
  103  7:08  Pylon  
  103  7:09  Stalker x2  
  103  7:10  Stalker  
  103  7:13  Stalker  
  111  7:18  Stalker  
  113  7:25  Stalker  
  115  7:30  Probe  
  115  7:36  Stalker x2  
  124  7:39  Stalker x2  
  124  7:40  Stalker  
  116  8:07  Zealot x2  
  116  8:08  Zealot x3  
  116  8:09  Zealot  
Show
View Real Time Build Order
Export as new Build Order

LigerMaNN Zerg 

Build Orders: Hatch First 

Get SALT Encoding   

  12  0:01  Drone  
  13  0:12  Overlord  
  13  0:16  Drone  
  14  0:31  Drone x2  
  16  0:48  Hatchery  
  15  0:51  Drone  
  15  0:55  Drone  
  17  0:58  Drone  
  18  1:09  Extractor  
  17  1:14  Spawning Pool  
  17  1:16  Drone  
  17  1:19  Drone  
  18  1:28  Drone  
  19  1:39  Drone  
  20  1:50  Drone  
  21  2:05  Queen x2  
  21  2:07  Zergling x4  
  27  2:13  Metabolic Boost  
  27  2:15  Overlord  
  27  2:17  Drone  
  28  2:29  Hatchery  
  27  2:38  Drone x3  
  27  2:40  Drone  
  31  2:48  Overlord  
  31  2:53  Queen  
  33  3:01  Drone x2  
  33  3:03  Drone  
  36  3:09  Baneling Nest  
  35  3:15  Zergling x8  
  35  3:17  Zergling x2  
  35  3:19  Zergling x2  
  41  3:36  Zergling x4  
  41  3:37  Zergling x2  
  41  3:57  Zergling x18  
  47  4:12  Zergling x6  
  47  4:14  Overlord x4  
  43  4:42  Zergling x18  
  43  4:43  Zergling x12  
  48  5:04  Zergling x12  
  50  5:28  Zergling x12  
  54  5:34  Drone x6, Evolution Chamber  
  59  5:35  Evolution Chamber  
  59  5:40  Drone x5  
  56  5:58  Drone  
  56  5:59  Drone x3  
  56  6:00  Zerg Melee Weapons Level 1  
  56  6:01  Zerg Ground Armor Level 1  
  56  6:04  Lair  
  60  6:07  Overlord  
  59  6:30  Spore Crawler  
  59  6:31  Drone, Spore Crawler  
  59  6:32  Drone x12  
  70  6:33  Drone  
  70  6:38  Extractor  
  70  6:57  Drone x2, Spore Crawler  
  71  7:05  Hatchery  
  71  7:06  Queen  
  71  7:07  Queen  
  74  7:09  Queen  
  76  7:16  Hatchery  
  76  7:22  Zergling x22  
  83  7:32  Drone x3  
  83  7:35  Baneling  
  83  7:36  Baneling x11  
  86  7:42  Drone x2  
  86  7:43  Drone  
  86  7:44  Drone x2, Extractor  
  90  7:45  Extractor  
  74  7:59  Overlord  
Tags
 
Add a new tag
Caveats
  • Supply blocks, unpowered buildings, or Contaminate may cause inaccurate times.
  • Supply counts are checked every 10 seconds.